 Dungeon Crawl Stone Soup version 0.29-a0-418-gc0181ea820 (webtiles) character file.

Game seed: 7854840383701278184

9709 hquester the Envoy of Void (level 11, -8/90 HPs)
             Began as a Demonspawn Abyssal Knight on May 17, 2022.
             Was a High Priest of Lugonu.
             Mangled by a catoblepas (18 damage)
             ... on level 12 of the Dungeon.
             The game lasted 00:38:38 (10663 turns).

hquester the Envoy of Void (DsAK)                  Turns: 10663, Time: 00:38:38

Health: -8/90      AC: 16    Str: 15    XL:     11   Next: 26%
Magic:  18/18      EV: 19    Int: 11    God:    Lugonu [*****.]
Gold:   490        SH:  5    Dex: 17    Spells: 10/10 levels left

rFire   . . .      SeeInvis .   G - +2 dagger "Oddemuoh" {vorpal, rElec rPois}
rCold   . . .      Faith    +   m - +0 buckler
rNeg    . . .      Spirit   .   J - +0 troll leather armour
rPois   +          Reflect  .   (helmet restricted)
rElec   +          Harm     .   s - +0 cloak
rCorr   .          Rampage  .   d - +1 pair of gloves
Will    .....                   h - +0 pair of boots
Stlth   +.........              o - amulet of faith
HPRegen 1.05/turn               k - +4 ring of evasion
MPRegen 0.16/turn               t - +4 ring of protection

@: about to teleport, studying Throwing
A: horns 1, rugged brown scales 2, spiny 1
a: Renounce Religion, Depart the Abyss, Bend Space, Banish, Corrupt, Enter the
Abyss


You were on level 12 of the Dungeon.
You worshipped Lugonu.
Lugonu was extremely pleased with you.
You visited 1 branch of the dungeon, and saw 12 of its levels.
You visited the Abyss 1 time.

You collected 490 gold pieces.

Inventory:

Hand Weapons
 a - a +2 short sword of protection
 p - the +8 dire flail of Ornamental Forgiveness {vorpal, Str+3}
   (You found it on level 3 of the Dungeon)

   It inflicts extra damage upon your enemies.
   Str:       It affects your strength (+3).
 G - the +2 dagger "Oddemuoh" (weapon) {vorpal, rElec rPois}
   (You found it on level 9 of the Dungeon)

   It inflicts extra damage upon your enemies.
   rElec:     It insulates you from electricity.
   rPois:     It protects you from poison.
Missiles
 A - a throwing net
Armour
 d - a +1 pair of gloves (worn)
 h - a +0 pair of boots (worn)
 m - a +0 buckler (worn)
 s - a +0 cloak (worn)
 H - +0 steam dragon scales
 J - a +0 troll leather armour (worn)
Jewellery
 k - a +4 ring of evasion (left hand)
 o - an amulet of faith (around neck)
 t - a +4 ring of protection (right hand)
Wands
 c - a wand of acid (6)
 q - a wand of mindburst (30)
 x - a wand of paralysis (5)
 L - a wand of charming (2)
Scrolls
 f - 4 scrolls of teleportation
 j - 4 scrolls of poison
 l - a scroll of amnesia
 n - a scroll of torment
 y - 3 scrolls of blinking
 z - 2 scrolls of immolation
 M - 2 scrolls of fear
Potions
 b - 2 potions of attraction
 e - a potion of invisibility
 g - 3 potions of resistance
 r - 3 potions of flight
 u - a potion of lignification
 v - a potion of mutation
 w - 2 potions of ambrosia {unknown}
 C - a potion of berserk rage {unknown}
 D - 2 potions of curing
 I - a potion of haste {unknown}


   Skills:
 + Level 8.1 Fighting
 + Level 7.1 Short Blades
 + Level 7.1 Armour
 + Level 6.9 Dodging
 + Level 3.9 Shields
 + Level 10.1 Invocations
 + Level 3.5 Evocations


You had 10 spell levels left.
You didn't know any spells.
Your spell library contained the following spells:

 Spells                   Type           Power      Damage    Failure   Level
 Slow                     Hex            0%         N/A       50%         1
 Confusing Touch          Hex            0%         N/A       86%         3
 Inner Flame              Hex/Fire       0%         N/A       86%         3
 Ozocubu's Armour         Ice            0%         N/A       86%         3
 Portal Projectile        Hex/Tloc       0%         N/A       86%         3
 Vampiric Draining        Necr           0%         2d6       86%         3
 Cause Fear               Hex            0%         N/A       99%         4
 Blade Hands              Tmut           0%         N/A       100%        5
 Excruciating Wounds      Necr           0%         N/A       100%        5
 Metabolic Englaciation   Hex/Ice        0%         N/A       100%        5
 Simulacrum               Ice/Necr       0%         N/A       100%        6
 Discord                  Hex            0%         N/A       100%        8


Dungeon Overview and Level Annotations

Branches:
Dungeon (11/15)            Temple (0/1) D:4            Lair (0/6) D:10
    Orc: D:9-12

Altars:
Gozag
Ru
Vehumet


Innate Abilities, Weirdness & Mutations

You have a pair of small horns on your head.
You are mostly covered in rugged brown scales. (AC +2, +5% HP)
You are partially covered in sharp spines.


Message History

* * * LOW HITPOINT WARNING * * *
Your limbs are stiffening.
You hit the catoblepas but do no damage.
The catoblepas is heavily wounded.
You are engulfed in calcifying dust.
Your limbs have turned to stone.
Your transformation is almost over.
The catoblepas gores you.
* * * LOW HITPOINT WARNING * * *
You have turned to stone.
You are engulfed in calcifying dust.
The catoblepas gores you but does no damage.
The catoblepas gores you!!
* * * LOW HITPOINT WARNING * * *
The catoblepas gores you but does no damage. x4
The catoblepas gores you!
* * * LOW HITPOINT WARNING * * *
You turn to wood and can move again.
Aiming: Corrosive Bolt
Press: ? - help, Shift-Dir - straight line, f - catoblepas
Aim: a catoblepas (moderately wounded, 100% to hit)
The bolt of acid hits the catoblepas!
The catoblepas is heavily wounded.
The bolt of acid hits the yak!!
The acid corrodes the yak!
The yak is heavily wounded.
The bolt of acid hits the yak!
The acid corrodes the yak!
The yak is lightly wounded.
You feel less wooden.
Your +0 cloak unmelds from your body.
Your +1 pair of gloves unmelds from your body.
Your +0 pair of boots unmelds from your body.
Your +0 troll leather armour unmelds from your body.
The catoblepas gores you.
* * * LOW HITPOINT WARNING * * *
As you read the scroll of teleportation, it crumbles to dust.
You feel strangely unstable. The catoblepas barely misses you.
Unknown command.
There is an open door here.
The catoblepas attacks as you move away!
The catoblepas gores you!!
You die...

#....# #....#
#....#
#######....#
...........#
...........#
...........#
...[.......#
#########@...#.#
....YYY.Y........
#....Y###....#.##
#)... ####.#.#
#... .# . #.. .#
. .. .


You could see a catoblepas and 4 yaks.

Vanquished Creatures
  A hydra (D:11)
  A two-headed ogre (D:10)
  Amaemon (D:11)
  The ghost of Pelinal the Covert, a novice MfIE of Ashenzari (D:7)
  Pikel (D:5)
  A cyclops (D:10)
  Maggie (D:9)
  An orange demon (D:10)
  2 trolls (D:10)
  A hornet (D:9)
  A slime creature (D:11)
  A wyvern (D:9)
  4 wraiths
  11 yaks
  A steam dragon (D:9)
  A water moccasin (D:6)
  An acid dragon (D:11)
  3 orc warriors
  2 black bears
  An ice beast (D:5)
  A boggart (D:11)
  A lemure (D:5)
  2 bullfrogs
  A kobold brigand (D:11)
  4 scorpions
  A necrophage (D:8)
  A gnoll sergeant (D:9)
  5 killer bees (D:10)
  3 howler monkeys
  4 hounds
  4 jellies
  3 orc priests
  A gnoll shaman (D:8)
  4 iguanas
  Crazy Yiuf (D:6)
  10 orc wizards
  12 gnolls
  10 adders
  2 shadow imps
  A white imp (D:6)
  2 ufetubi
  A worm (D:3)
  5 dart slugs
  35 orcs
  7 ball pythons
  10 bats
  7 endoplasms
  16 goblins
  8 hobgoblins
  7 jackals
  2 quokkas
  3 frilled lizards
  2 kobolds (D:1)
  4 rats
217 creatures vanquished.

Vanquished Creatures (others)
  13 fungi (D:10)
  14 plants (D:10)
27 creatures vanquished.

Grand Total: 244 creatures vanquished

Notes
Turn   | Place    | Note
-------+----------+-------------------------------------------
     0 | Abyss:1  | hquester the Demonspawn Abyssal Knight began the quest for
                  | the Orb.
     0 | Abyss:1  | Reached XP level 1. HP: 18/18 MP: 2/2
     1 | Abyss:1  | Noticed an ice statue
     1 | Abyss:1  | Noticed a fire crab
     1 | Abyss:1  | Noticed a catoblepas
     1 | Abyss:1  | Noticed a fire crab
     2 | D:1      | Escaped the Abyss
    86 | D:1      | Reached skill level 1 in Dodging
   428 | D:1      | Gained mutation: You are partially covered in rugged brown
                  | scales. (AC +1, +3% HP) [demonic ancestry]
   428 | D:1      | Reached XP level 2. HP: 16/24 MP: 4/4
   672 | D:1      | Reached ** piety under Lugonu
   815 | D:1      | Reached skill level 3 in Invocations
   821 | D:1      | Reached XP level 3. HP: 21/29 MP: 5/5
  1490 | D:2      | Found a sacrificial altar of Ru.
  2081 | D:2      | Reached *** piety under Lugonu
  2233 | D:3      | Gained mutation: You are partially covered in sharp spines.
                  | [demonic ancestry]
  2233 | D:3      | Reached XP level 4. HP: 35/36 MP: 6/6
  2380 | D:3      | Identified the +8 dire flail of Ornamental Forgiveness
                  | {vorpal, Str+3}
  2468 | D:3      | Found a faded altar of an unknown god.
  2785 | D:3      | Noticed a scorpion
  2788 | D:3      | Killed a scorpion
  2789 | D:3      | Reached XP level 5. HP: 43/43 MP: 7/7
  3230 | D:4      | Reached skill level 4 in Invocations
  3270 | D:4      | Gained mutation: You have a pair of small horns on your
                  | head. [demonic ancestry]
  3270 | D:4      | Reached XP level 6. HP: 46/49 MP: 9/9
  3555 | D:4      | Found a staircase to the Ecumenical Temple.
  3828 | D:5      | Entered Level 5 of the Dungeon
  3834 | D:5      | Reached **** piety under Lugonu
  3886 | D:5      | Noticed an ice beast
  3892 | D:5      | Killed an ice beast
  3893 | D:5      | Reached XP level 7. HP: 40/56 MP: 10/10
  4123 | D:5      | Reached skill level 5 in Invocations
  4345 | D:5      | Found an opulent altar of Gozag.
  4346 | D:5      | Noticed Pikel
  4365 | D:5      | Killed Pikel
  4366 | D:5      | Reached skill level 5 in Fighting
  4366 | D:5      | Reached skill level 6 in Invocations
  4366 | D:5      | Reached XP level 8. HP: 52/63 MP: 10/12
  5037 | D:6      | Found a runed translucent door.
  5038 | D:6      | Noticed Crazy Yiuf
  5273 | D:6      | Killed Crazy Yiuf
  5313 | D:7      | Found a runed translucent door.
  5316 | D:7      | Reached ***** piety under Lugonu
  5400 | D:7      | Found a radiant altar of Vehumet.
  5564 | D:7      | Noticed Pelinal's ghost (novice MfIE)
  5713 | D:7      | Killed Pelinal's ghost
  5714 | D:7      | Reached skill level 5 in Short Blades
  5714 | D:7      | Reached skill level 5 in Armour
  5714 | D:7      | Reached skill level 7 in Invocations
  5714 | D:7      | Gained mutation: You are mostly covered in rugged brown
                  | scales. (AC +2, +5% HP) [demonic ancestry]
  5714 | D:7      | Reached XP level 9. HP: 24/72 MP: 14/14
  6022 | D:8      | Reached skill level 5 in Dodging
  6293 | D:8      | Reached skill level 8 in Invocations
  7208 | D:9      | Identified the +2 dagger "Oddemuoh" {vorpal, rElec rPois}
  7687 | D:9      | Noticed Maggie
  7696 | D:9      | Paralysed by Maggie for 3 turns
  7736 | D:9      | Killed Maggie
  7737 | D:9      | Reached skill level 1 in Shields
  7961 | D:9      | Reached XP level 10. HP: 66/82 MP: 16/16
  8335 | D:10     | Entered Level 10 of the Dungeon
  8768 | D:10     | Noticed a two-headed ogre
  8799 | D:10     | Killed a two-headed ogre
  8800 | D:10     | Reached skill level 9 in Invocations
  8800 | D:10     | Reached skill level 1 in Evocations
  9101 | D:10     | Noticed a cyclops
  9140 | D:10     | Killed a cyclops
  9613 | D:10     | Noticed Amaemon
  9613 | D:10     | Noticed an orange demon
  9648 | D:11     | Killed Amaemon
  9681 | D:10     | Killed an orange demon
  9784 | D:10     | Found a staircase to the Lair.
 10096 | D:11     | Reached XP level 11. HP: 74/90 MP: 18/18
 10271 | D:11     | Identified the +1 ring mail "Qalaxerph" {-Tele Regen+ Int+8
                  | Dex-3}
 10283 | D:11     | Reached skill level 10 in Invocations
 10308 | D:11     | Noticed a six-headed hydra
 10316 | D:11     | Killed a six-headed hydra
 10586 | D:11     | You fall into a shaft and drop 1 floor!
 10599 | D:12     | Noticed a catoblepas
 10663 | D:12     | Mangled by a catoblepas

Illustrated notes

Levels and vault maps discovered:
D:1:      amcnicky_arrival_underground_garden, layout_basic
D:2:      layout_basic, basic_altar
D:3:      layout_basic, shapermc_ecumenical_altar_venn
D:4:      layout_basic, minmay_temple_entry_glassed_door, kennysheep_nondescript
D:5:      layout_loops_ring, nicolae_gozag_cash_rules_everything_around_me,
          uniq_pikel
D:6:      layout_basic, uniq_crazy_yiuf_cottage
D:7:      layout_rooms, vehumet_crystals, hellmonk_ghost_happy_afterlife
D:8:      layout_loops_ring
D:9:      layout_irregular_city, kennysheep_cross_bottleneck, uniq_maggie
D:10:     layout_irregular_city, grunt_lair_entry_orc_guard_hut,
          serial_column_ruins, column_ruins_open_tiny,
          column_ruins_columns_plus, column_ruins_open_small,
          column_ruins_open_medium_water, column_ruins_corridor_straight,
          column_ruins_corridor_T, billiards_dpeg, uniq_amaemon
D:11:     layout_loops_ring, minmay_checkerbox
D:12:     layout_basic, orc_0_dummy, minmay_lizard_king, uniq_psyche

Skill      XL: |  1  2  3  4  5  6  7  8  9 10 11 |
---------------+----------------------------------+-----
Dodging        | 1 2 3 4 5 6 |  6.9
Short Blades   | 2 3 4 5 6 7 |  7.1
Armour         | 2 3 4 5 6 7 |  7.1
Invocations    | 3 4 6 7 8 9 10 | 10.1
Fighting       | 4 5 6 7 8 |  8.1
Shields        | 1 3 |  3.9
Evocations     | 3 |  3.5

Action                   |  1- 3 |  4- 6 |  7- 9 | 10-12 || total
-------------------------+-------+-------+-------+-------++-------
Melee: Short sword       |   169 |     7 |       |       ||   176
       Punch             |     1 |       |       |       ||     1
       Dire flail        |       |    63 |   143 |       ||   206
       Headbutt          |       |     4 |    44 |   145 ||   193
       Dagger            |       |       |    85 |   472 ||   557
Invok: Depart the Abyss  |     1 |       |       |       ||     1
Evoke: Wand              |       |       |       |     3 ||     3
  Use: Scroll            |       |    11 |     4 |    12 ||    27
       Potion            |       |       |     3 |     7 ||    10
Armor: Ring mail         |    89 |    21 |    51 |       ||   161
       Leather armour    |     3 |       |       |       ||     3
       Steam dragon scal |       |       |     9 |    38 ||    47
       Troll leather arm |       |       |       |    43 ||    43
       Skin              |       |       |       |    11 ||    11
Dodge: Dodged            |    91 |    43 |   165 |   277 ||   576
Block: Buckler           |       |       |    10 |    89 ||    99

Table legend: (Time is in decaauts)
 A = Elapsed time spent in this place.
 B = Non-inter-level travel time spent in this place.
 C = Inter-level travel time spent in this place.
 D = Time resting spent in this place.
 E = Time spent auto-exploring this place.
 F = Levels seen in this place.
 G = Mean time per level.
                   A        B        C        D        E       F      G
               +--------+--------+--------+--------+--------+-----+--------+
         Total |  10615 |  10398 |    217 |   1208 |   6950 |  13 |  816.5 |
       Dungeon |  10613 |  10396 |    217 |   1208 |   6949 |  12 |  884.4 |
         Abyss |      2 |      2 |      0 |      0 |      1 |   1 |    2.0 |
               +--------+--------+--------+--------+--------+-----+--------+

Top non-repeatable levels by time:
     D:9: 1878 daAuts
     D:1: 1393 daAuts
    D:10: 1311 daAuts
     D:3: 944 daAuts
     D:2: 826 daAuts
     D:5: 790 daAuts
     D:8: 754 daAuts
     D:6: 716 daAuts
     D:7: 694 daAuts
     D:4: 674 daAuts
    D:11: 560 daAuts
    D:12: 68 daAuts
 Abyss:1: 2 daAuts
